[Event "*** Titled Tuesday Blitz"]
[Site "Chess.com"]
[Date "2020.05.26"]
[Round "1"]
[White "AttilaTurzo"]
[Black "Michaelson_11"]
[Result "1-0"]
[WhiteElo "2476"]
[BlackElo "2005"]
[TimeControl "180+1"]
[EndTime "10:05:50 PDT"]
[Termination "AttilaTurzo won by resignation"]

1. e4 c5 2. Nf3 Nc6 3. d4 cxd4 4. Nxd4 g6 5. c4 Nf6 6. Nc3 d6 7. Be2 Nxd4 8. Qxd4 Bg7 9. Qe3 O-O 10. O-O Be6 11.
Bd2 Rc8 12. b3 b6 13. f4 Bg4 14. e5 Re8 15. exf6 exf6 16. Qd3 Bxe2 17. Nxe2 f5 18. Bc3 Rxe2 19. Bxg7 Re4 20. Bb2 Qc7 21. Qc3 Qc5+ 22. Kh1 Kf8 23. Rae1 Rce8 24. Qg7+ Ke7 25. Bf6+ Ke6 26.
Rxe4+ fxe4 27. Bg5 Qf5 28. g4 1-0

[Event "*** Titled Tuesday Blitz"]
[Site "Chess.com"]
[Date "2020.05.26"]
[Round "1"]
[White "Nikolaj_6"]
[Black "LamaChampetre"]
[Result "1-0"]
[WhiteElo "2537"]
[BlackElo "2176"]
[TimeControl "180+1"]
[EndTime "10:05:53 PDT"]
[Termination "Nikolaj_6 won by resignation"]

1. e4 c5 2. Nf3 g6 3. c3 d5 4. e5 Bg7 5. d4 Nh6 6. h3 O-O 7.
dxc5 Nc6 8. Bf4 f6 9. exf6 exf6 10. Be2 Nf7 11. O-O Bf5 12. Nbd2 Re8 13. Nb3 Rc8 14.
Nfd4 Bd7 15. Nb5 Be6 16. Nd6 Nxd6 17. Bxd6 Ne5 18. Nd4 Bf8 19. Nxe6 Rxe6 20. Qxd5 Qd7 21. Rad1 Bxd6 22. Bb5 Qf7 23. cxd6 Rd8 24. d7 Nxd7 25. Bc4 1-0

[Event "*** Titled Tuesday Blitz"]
[Site "Chess.com"]
[Date "2020.05.26"]
[Round "1"]
[White "warmoatmeal"]
[Black "LedakovAlexandr"]
[Result "0-1"]
[WhiteElo "2137"]
[BlackElo "2510"]
[TimeControl "180+1"]
[EndTime "10:05:53 PDT"]
[Termination "LedakovAlexandr won by resignation"]

1. d4 Nc6 2. d5 Ne5 3. Nf3 Ng6 4.
c4 e5 5. Nc3 Nf6 6. e4 Bb4 7. Bd3 Bxc3+ 8. bxc3 d6 9. Be3 Qe7 10.
a4 a5 11. c5 dxc5 12. Bg5 O-O 13. O-O h6 14. Bxf6 Qxf6 15. g3 b6 16. Be2 Bh3 17. Re1 Ne7 18. Bf1 Bd7 19. Bg2 Nc8 20.
Rf1 Nd6 21. Nd2 Qe7 22. Qc2 f5 23. Bh3 f4 24. Bxd7 Qxd7 25. f3 fxg3 26. hxg3 Qh3 27.
g4 Qg3+ 28. Kh1 Rf4 29. Qd1 Raf8 30. Qe2 h5 31. Qg2 Qxg2+ 32. Kxg2 hxg4 33. fxg4 Rxg4+ 34. Kh3 Rgf4 35. Rae1 Rxf1 36. Nxf1 Rf3+ 37. Kg4 Rxc3 38. Ng3 g6 39. Rf1 Kg7 0-1

[Event "*** Titled Tuesday Blitz"]
[Site "Chess.com"]
[Date "2020.05.26"]
[Round "1"]
[White "Belka1989"]
[Black "12teen"]
[Result "0-1"]
[WhiteElo "2372"]
[BlackElo "2735"]
[TimeControl "180+1"]
[EndTime "10:05:54 PDT"]
[Termination "12teen won by resignation"]

1. e4 e6 2. d4 b6 3. Nc3 Bb7 4. a3 Nf6 5. e5 Nd5 6. Nxd5 Bxd5 7. c4 Bb7 8. Nf3 d5 9. exd6 Bxd6 10. Be3 Nd7 11.
Be2 O-O 12. O-O Qe7 13. b4 c5 14. bxc5 bxc5 15. Qd3 cxd4 16. Bxd4 e5 17. c5 Nxc5 18. Bxc5 Bxc5 19. Qf5 Rfe8 20. Rfd1 g6 21. Qh3 Rad8 22.
Bb5 Rxd1+ 23. Rxd1 Rd8 24. Re1 e4 25. Qh6 Bxf2+ 26. Kxf2 Qc5+ 27. Qe3 Qxb5 28. Ng5 Qf5+ 29. Kg1 Rd3 30. Qg3 Rxg3 0-1

[Event "*** Titled Tuesday Blitz"]
[Site "Chess.com"]
[Date "2020.05.26"]
[Round "1"]
[White "dougie47"]
[Black "ThePatrick27"]
[Result "0-1"]
[WhiteElo "2237"]
[BlackElo "2582"]
[TimeControl "180+1"]
[EndTime "10:05:55 PDT"]
[Termination "ThePatrick27 won by resignation"]

1. Nf3 Nf6 2. c4 e6 3. g3 d5 4.
Bg2 Be7 5. O-O O-O 6. b3 c5 7. Bb2 Nc6 8. e3 Qd7 9. Qe2 b6 10. Nc3 Bb7 11. cxd5 Nxd5 12. Nxd5 exd5 13. d4 Rfe8 14. Rfd1 a5 15. dxc5 Bxc5 16. Qd2 Red8 17.
Rac1 a4 18. Ng5 Qe7 19. h4 axb3 20. axb3 h6 21. Nh3 d4 22. exd4 Nxd4 23. Bxd4 Rxd4 24. Qe1 Rxd1 25. Rxd1 Qxe1+ 26. Rxe1 Bxg2 27. Kxg2 Ra2 28. Kf3 Rb2 29. Re2 Rxb3+ 30. Ke4 g6 31. Nf4 Kg7 32.
Nd3 f5+ 0-1

[Event "*** Titled Tuesday Blitz"]
[Site "Chess.com"]
[Date "2020.05.26"]
[Round "1"]
[White "binbin239"]
[Black "StephenDedalus83"]
[Result "0-1"]
[WhiteElo "2400"]
[BlackElo "2783"]
[TimeControl "180+1"]
[EndTime "10:05:59 PDT"]
[Termination "StephenDedalus83 won by resignation"]

1. d4 g6 2. c4 Bg7 3. Nc3 d6 4.
Nf3 Bg4 5. g3 Qc8 6. h3 Bd7 7. Bg2 Nf6 8. h4 O-O 9. O-O Bh3 10. e4 Bxg2 11. Kxg2 Nc6 12. d5 Na5 13. Qe2 c5 14. e5 Ng4 15. exd6 exd6 16. Nb5 Qd7 17.
Bf4 Rae8 18. Qc2 Ne5 19. Nxe5 dxe5 20. Be3 b6 21. a3 a6 22. b4 Nxc4 23. Qxc4 axb5 24.
Qa2 c4 25. Bxb6 Qxd5+ 26. Kg1 Rc8 27. Rad1 Qe6 28. Bc5 Rfd8 29. Qc2 Bf8 30. Be3 Qc6 31. Bg5 f6 32. Be3 Ra8 33. h5 Kf7 34. hxg6+ hxg6 35. Bc1 Be7 36. Rxd8 Rxd8 37. f4 Rh8 38. fxe5 Rh1+ 39. Kf2 Rh2+ 0-1

[Event "*** Titled Tuesday Blitz"]
[Site "Chess.com"]
[Date "2020.05.26"]
[Round "1"]
[White "AminMolaei"]
[Black "Mostii"]
[Result "1-0"]
[WhiteElo "2725"]
[BlackElo "2366"]
[TimeControl "180+1"]
[EndTime "10:05:59 PDT"]
[Termination "AminMolaei won by resignation"]

1. d4 e6 2. c4 b6 3. e4 Bb7 4. Bd3 f5 5. exf5 Bxg2 6. Qh5+ g6 7. fxg6 Bg7 8. gxh7+ Kf8 9. Bg5 Nf6 10. Qh4 Qe7 11.
Ne2 Bxh1 12. Nf4 Nc6 13. Ng6+ Kf7 14. Nxe7 Nxe7 15. Nd2 Bb7 16. O-O-O b5 17. Bxf6 Bxf6 18. Qh5+ Kf8 19. Rg1 bxc4 20. Nxc4 d6 21. Ne3 Bxd4 22.
Qh6+ Kf7 23. Qf4+ Bf6 24. Ng4 Nd5 25. Qh6 1-0

[Event "*** Titled Tuesday Blitz"]
[Site "Chess.com"]
[Date "2020.05.26"]
[Round "1"]
[White "kingnb"]
[Black "tamarozi99"]
[Result "1-0"]
[WhiteElo "2480"]
[BlackElo "2011"]
[TimeControl "180+1"]
[EndTime "10:05:59 PDT"]
[Termination "kingnb won on time"]

1. d4 Nf6 2. Nf3 g6 3. Bg5 Bg7 4. Nbd2 O-O 5. e4 d6 6. Bc4 c5 7.
dxc5 dxc5 8. O-O Bg4 9. e5 Nfd7 10. e6 fxe6 11. h3 Ne5 12. hxg4 Nxc4 13. Nxc4 Qc7 14. Qe2 Nc6 15. Qxe6+ Kh8 16. Rad1 Nd4 17. Nxd4 cxd4 18. Rfe1 Rac8 19. Ne5 Qxc2 20. Rc1 Qxf2+ 21. Kh1 Rxc1 22. Rxc1 Bf6 23. Nf7+ Kg7 24. Bh6+ Kg8 25. Ng5+ Kh8 26. Nh3 Qh4 27. Bxf8 1-0

[Event "*** Titled Tuesday Blitz"]
[Site "Chess.com"]
[Date "2020.05.26"]
[Round "1"]
[White "Nafania1"]
[Black "Indianlad"]
[Result "0-1"]
[WhiteElo "2450"]
[BlackElo "2983"]
[TimeControl "180+1"]
[EndTime "10:06:00 PDT"]
[Termination "Indianlad won by resignation"]

1. e4 d5 2. exd5 Qxd5 3. Nc3 Qd6 4. d4 Nf6 5. Nf3 Nc6 6. Nb5 Qd8 7. c4 a6 8. Nc3 e6 9. a3 b6 10. Be2 Bb7 11. O-O Bd6 12. Bg5 h6 13. Bh4 O-O 14.
b4 Re8 15. Re1 Be7 16. h3 Nh5 17. Bxe7 Nxe7 18. Ne5 Nf6 19. Bf3 Bxf3 20. Nxf3 c6 21. Qc2 Qc7 22. Ne4 Nxe4 23. Qxe4 Rad8 24. Rad1 b5 25. Rc1 Qd6 26. Red1 bxc4 27. Rxc4 a5 28. Qc2 axb4 29. axb4 Rb8 30. Ne5 Rec8 31. Rc1 Rxb4 32.
Nxc6 Rxc4 33. Nxe7+ Qxe7 0-1

[Event "*** Titled Tuesday Blitz"]
[Site "Chess.com"]
[Date "2020.05.26"]
[Round "1"]
[White "emiliocordova"]
[Black "Elbek_Jumanov"]
[Result "0-1"]
[WhiteElo "2726"]
[BlackElo "2389"]
[TimeControl "180+1"]
[EndTime "10:06:00 PDT"]
[Termination "Elbek_Jumanov won by resignation"]

1. d4 Nf6 2. Nf3 g6 3. c4 c5 4.
g3 Bg7 5. Bg2 O-O 6. O-O cxd4 7.
Nxd4 Nc6 8. Nc3 d6 9. e3 Bd7 10.
b3 Rc8 11. Bb2 a6 12. Qe2 Bg4 13. f3 Bd7 14. Rfd1 Qa5 15. a3 Nxd4 16. exd4 b5 17. b4 Qb6 18. c5 dxc5 19. dxc5 Qe6 20. Qf2 Bc6 21. Ne2 Ne4 22. fxe4 Bxb2 23. Nf4 Qf6 24. Rab1 Be5 25. Nd5 Qe6 26. Qf1 Rcd8 27. Bh3 f5 28. Qg2 Qf7 29. Qe2 fxe4 30. Ne3 Bd4 31. Rxd4 Rxd4 32. Ng4 Qf3 33. Qb2 Rd1+ 0-1

[Event "*** Titled Tuesday Blitz"]
[Site "Chess.com"]
[Date "2020.05.26"]
[Round "1"]
[White "bsnsun"]
[Black "sotochess"]
[Result "0-1"]
[WhiteElo "2489"]
[BlackElo "2180"]
[TimeControl "180+1"]
[EndTime "10:06:00 PDT"]
[Termination "sotochess won by resignation"]

1. Nf3 Nf6 2. c4 g6 3. g3 Bg7 4. d4 O-O 5. Bg2 d6 6. Nc3 Nc6 7. O-O Bg4 8. h3 Bxf3 9. Bxf3 Nd7 10. Bg2 Nxd4 11. Bxb7 Rb8 12. Bg2 c5 13. Rb1 Nb6 14. b3 Nf5 15. Qd3 Nd7 16. e3 Re8 17. Bb2 Qa5 18.
Bc6 Ne5 19. Qe4 Nxc6 20. Ne2 Bxb2 21. Rxb2 Ne5 22. f4 Nd7 23. g4 Ng7 24. f5 Ne5 25. Nf4 Qc3 26. Rbf2 Kh8 27. Nd5 Qd3 28. Qf4 gxf5 29.
gxf5 Nh5 30. Qh4 Ng3 31. Nxe7 Rxe7 32. Qxe7 Qxe3 33. Qf6+ Kg8 34. Qxd6 Re8 35. Rd1 Ne4 36. Rf1 0-1

[Event "*** Titled Tuesday Blitz"]
[Site "Chess.com"]
[Date "2020.05.26"]
[Round "1"]
[White "Orest_Vovk"]
[Black "RaunakSadhwani2005"]
[Result "0-1"]
[WhiteElo "2407"]
[BlackElo "2822"]
[TimeControl "180+1"]
[EndTime "10:06:01 PDT"]
[Termination "RaunakSadhwani2005 won on time"]

1. e4 c6 2. Be2 d5 3. d3 Nf6 4.
Nc3 g6 5. f4 Bg7 6. Nf3 O-O 7.
O-O Qb6+ 8. Kh1 Ng4 9. Qe1 Ne3 10. Bxe3 Qxe3 11. Qd2 Qxd2 12. Nxd2 Rd8 13. exd5 cxd5 14. Bf3 e6 15. Nb5 Na6 16. c3 Bd7 17. a4 Nc5 18.
Be2 Nxa4 19. d4 a6 20. Rxa4 axb5 21. Rb4 Bf8 22. Rb3 b4 23. c4 dxc4 24. Bxc4 Bc6 25. Rd3 Bg7 26. Nf3 Rac8 27. Ne5 Be4 28. Re3 Rxd4 29. Bb3 Bf5 30. g4 Be4+ 31. Kg1 Bxe5 32. fxe5 Bc6 33. Rc1 Rxg4+ 34. Kf2 Rg2+ 35. Kf1 Rxh2 0-1

[Event "*** Titled Tuesday Blitz"]
[Site "Chess.com"]
[Date "2020.05.26"]
[Round "1"]
[White "Morshynska"]
[Black "AndrewMaco"]
[Result "0-1"]
[WhiteElo "2176"]
[BlackElo "2536"]
[TimeControl "180+1"]
[EndTime "10:06:01 PDT"]
[Termination "AndrewMaco won on time"]

1. e4 c5 2. Nf3 d6 3. d4 cxd4 4. Nxd4 Nf6 5. Nc3 a6 6. f3 e5 7. Nb3 Be6 8. Bg5 Nbd7 9. a4 h6 10. Bh4 Be7 11. Bf2 O-O 12. a5 b5 13. axb6 Nxb6 14.
Na5 Qc7 15. Na4 Nxa4 16. Rxa4 d5 17. exd5 Nxd5 18. c3 Rfd8 19. Qa1 Nf4 20. g3 Nd3+ 21. Bxd3 Rxd3 22. O-O Rad8 23. b4 Rxf3 24. Qa3 Bh3 25. Rc1 Rxf2 26. Kxf2 Qb6+ 27. Ke2 Bg4+ 0-1

[Event "*** Titled Tuesday Blitz"]
[Site "Chess.com"]
[Date "2020.05.26"]
[Round "1"]
[White "PetrolulSah"]
[Black "Gurvich_Vitaly"]
[Result "0-1"]
[WhiteElo "2192"]
[BlackElo "2544"]
[TimeControl "180+1"]
[EndTime "10:06:02 PDT"]
[Termination "Gurvich_Vitaly won by resignation"]

1. d4 d5 2. c3 Nf6 3. c4 dxc4 4.
Nc3 a6 5. a4 e6 6. e3 c5 7.
Bxc4 Nc6 8. Nf3 cxd4 9. exd4 Nb4 10. O-O Be7 11. Bg5 O-O 12. Re1 b6 13. Ne4 Nxe4 14. Bxe7 Qxe7 15. Rxe4 Bb7 16. Re1 Rfd8 17. Qb3 Rac8 18.
Rad1 Bxf3 19. gxf3 Qd6 20. Re4 a5 21. Re5 g6 22. Rb5 Qc6 23. Be2 Qc2 24. Qxc2 Rxc2 25. Bf1 Rd6 26. b3 Rc3 27. Bc4 Rxf3 28. Kg2 Rf4 29. d5 exd5 30. Bxd5 Kg7 31. Bf3 Rdf6 32. Bd5 Rxf2+ 33. Kg1 Rb2 34. Bc4 Rff2 35. Rxb6 Rg2+ 36. Kf1 Rbf2+ 0-1

[Event "*** Titled Tuesday Blitz"]
[Site "Chess.com"]
[Date "2020.05.26"]
[Round "1"]
[White "MilanJeremic"]
[Black "Willychess95"]
[Result "0-1"]
[WhiteElo "2242"]
[BlackElo "2586"]
[TimeControl "180+1"]
[EndTime "10:06:03 PDT"]
[Termination "Willychess95 won by resignation"]

1. d4 Nf6 2. Nf3 e6 3. g3 b5 4. Bg2 Bb7 5. O-O c5 6. c3 Be7 7. Bg5 cxd4 8. cxd4 O-O 9. Bxf6 Bxf6 10. e3 d6 11. Nc3 a6 12. Rc1 Nd7 13. Qd3 Rc8 14. Ne4 Bxe4 15. Qxe4 d5 16. Qd3 Qa5 17. a3 Nb6 18. Nd2 Nc4 19. Nb3 Nxb2 20. Nxa5 Nxd3 21. Rcd1 Nb2 22. Rb1 Nc4 23. Nb7 Nd2 24. Nc5 Nxb1 25. Rxb1 Be7 26. Nxa6 Bxa3 27. Rxb5 Rc1+ 28. Bf1 Bd6 29.
Kg2 g6 30. h4 h5 31. Rb6 Rd8 32. Be2 Kf8 33. Kf3 Ke7 34. Rb7+ Kf6 35. Rb6 Rc2 36. Bd3 Rd2 37. Be2 Ra2 38. Nb4 Bxb4 39. Rb5 Rc8 40. Rxb4 Rcc2 0-1

[Event "*** Titled Tuesday Blitz"]
[Site "Chess.com"]
[Date "2020.05.26"]
[Round "1"]
[White "OK97"]
[Black "MidnightFox"]
[Result "1-0"]
[WhiteElo "2793"]
[BlackElo "2403"]
[TimeControl "180+1"]
[EndTime "10:06:04 PDT"]
[Termination "OK97 won by checkmate"]

1. e4 e5 2. Nf3 Nc6 3. Bb5 a6 4.
Ba4 Nf6 5. O-O b5 6. Bb3 Bc5 7. c3 d6 8. a4 Rb8 9. d4 Bb6 10. a5 Ba7 11. h3 h6 12. Be3 Ra8 13. Nbd2 O-O 14. Re1 Bb7 15. d5 Ne7 16. Bxa7 Rxa7 17. c4 Ng6 18. Qc2 Nf4 19. cxb5 axb5 20. Nf1 Ba6 21.
Kh2 Qd7 22. Ne3 g6 23. Rec1 b4 24. Bc4 Bxc4 25. Nxc4 Qb5 26. g3 N4xd5 27. exd5 Nxd5 28. Nfd2 f5 29. Kg2 Kh7 30. Qa4 Qb7 31. Qd7+ Kh8 32.
Kg1 Nf6 33. Qe7 Raa8 34. Nxd6 Qd5 35. Rxc7 Qg8 36. Nf7+ Rxf7 37. Qxf7 Qd8 38. Qg7# 1-0

[Event "*** Titled Tuesday Blitz"]
[Site "Chess.com"]
[Date "2020.05.26"]
[Round "1"]
[White "dennisodessa"]
[Black "DortmundCity"]
[Result "0-1"]
[WhiteElo "2234"]
[BlackElo "2579"]
[TimeControl "180+1"]
[EndTime "10:06:04 PDT"]
[Termination "DortmundCity won by resignation"]

1. d4 d5 2. c4 e6 3. Nc3 c6 4. e4 dxe4 5. Nxe4 Bb4+ 6. Nc3 c5 7. d5 exd5 8. cxd5 Nf6 9. Bc4 O-O 10. Ne2 a6 11. a4 Nbd7 12. O-O Ne5 13. Ba2 Bg4 14.
Bg5 h6 15. Bh4 c4 16. Qd4 Re8 17. Bxc4 Rc8 18. Ba2 Bc5 19. Qd2 Ne4 20. Nxe4 Qxh4 21. Nxc5 Bxe2 22. Qxe2 Ng4 23. Qxg4 Qxg4 24. Rac1 Qd4 25. Rfd1 Rxc5 26. Rxd4 Rxc1+ 0-1

[Event "*** Titled Tuesday Blitz"]
[Site "Chess.com"]
[Date "2020.05.26"]
[Round "1"]
[White "Bacyanide"]
[Black "WonderChampion"]
[Result "1-0"]
[WhiteElo "2469"]
[BlackElo "1926"]
[TimeControl "180+1"]
[EndTime "10:06:05 PDT"]
[Termination "Bacyanide won by resignation"]

1. d4 d5 2. Nf3 e6 3. Bf4 c5 4. e3 Nf6 5. Nbd2 Nc6 6. c3 a6 7.
Bd3 c4 8. Bc2 b5 9. a3 Bd6 10.
Bg3 O-O 11. Qe2 a5 12. e4 Bc7 13.
e5 Nd7 14. h4 b4 15. axb4 Bb7 16. b5 Na7 17. Bxh7+ Kh8 18. Bc2 g6 19. Bf4 Kg7 20.
Bg5 Qc8 21. h5 Rh8 22. h6+ Kh7 23. Bf6 Nxf6 24. Ng5+ Kg8 25. exf6 Nxb5 26. h7+ Kf8 27. Qg4 Ke8 28. Nxf7 Rf8 29. h8=Q Rxh8 30. Rxh8+ Kd7 31. Rxc8 Rxc8 32. Qxg6 Bf4 33. Ne5+ Bxe5 34. dxe5 Kc6 35. Nf3 Kb6 36. Nd4 Nxd4 37. cxd4 c3 38. bxc3 Rxc3 39.
f7 1-0

[Event "*** Titled Tuesday Blitz"]
[Site "Chess.com"]
[Date "2020.05.26"]
[Round "1"]
[White "krasavetc"]
[Black "Nor1lsk"]
[Result "0-1"]
[WhiteElo "2240"]
[BlackElo "2586"]
[TimeControl "180+1"]
[EndTime "10:06:07 PDT"]
[Termination "Nor1lsk won by resignation"]

1. e4 c5 2. Nf3 e6 3. Be2 Nc6 4. O-O Nf6 5. d3 d5 6. exd5 Nxd5 7. Nc3 Be7 8. Nxd5 Qxd5 9. Bd2 Bf6 10. Bc3 Bxc3 11. bxc3 e5 12. Nd2 O-O 13. Bf3 Qe6 14.
Nc4 Bd7 15. Re1 f6 16. Qd2 Kh8 17. a4 Rad8 18. Rab1 b6 19. Qe3 Ne7 20. Be4 Bxa4 21. Ra1 Qd7 22. Re2 Bc6 23. f3 Nd5 24. Qd2 Nf4 25. Ree1 Bd5 26. g3 Nh3+ 27. Kg2 Bxc4 28. Qe3 Be6 29. Ra3 Ng5 30. Rea1 a5 31. Rb1 Rb8 32.
Rb2 Nf7 33. Ra1 f5 34. Rab1 fxe4 35. Rxb6 exf3+ 36. Kg1 Rxb6 37. Rxb6 Ng5 38. Qxg5 f2+ 0-1

[Event "*** Titled Tuesday Blitz"]
[Site "Chess.com"]
[Date "2020.05.26"]
[Round "1"]
[White "levallem"]
[Black "SCIM"]
[Result "0-1"]
[WhiteElo "2147"]
[BlackElo "2518"]
[TimeControl "180+1"]
[EndTime "10:06:07 PDT"]
[Termination "SCIM won by resignation"]

1. d4 Nf6 2. c4 g6 3. Nc3 d5 4. cxd5 Nxd5 5. e4 Nxc3 6. bxc3 Bg7 7. Qa4+ c6 8. Nf3 O-O 9. Be3 b5 10. Qc2 a5 11. Be2 Nd7 12. O-O Nb6 13. Rfd1 Bg4 14. h3 Bxf3 15. Bxf3 Nc4 16. e5 Nxe3 17. fxe3 Rc8 18. c4 e6 19. Rac1 Bh6 20. Qe2 b4 21. Rc2 c5 22. d5 Qg5 23. e4 Qxe5 24. Qd3 Rfd8 25. Re2 a4 26. Qc2 Ra8 27. Rd3 Bg7 28. dxe6 Qa1+ 29. Kh2 Qe5+ 30. Kg1 Qxe6 31. e5 Rxd3 32.
Qxd3 Rb8 33. Bd5 Qe7 34. Rf2 Qxe5 35. Rxf7 Qd4+ 36. Qxd4 Bxd4+ 37. Kf1 Kh8 38. Rb7 Rxb7 39. Bxb7 b3 40. axb3 a3 0-1

[Event "*** Titled Tuesday Blitz"]
[Site "Chess.com"]
[Date "2020.05.26"]
[Round "1"]
[White "ClassyEl"]
[Black "Siemba"]
[Result "1-0"]
[WhiteElo "2602"]
[BlackElo "2262"]
[TimeControl "180+1"]
[EndTime "10:06:08 PDT"]
[Termination "ClassyEl won on time"]

1. d4 Nf6 2. Bg5 c5 3. Bxf6 gxf6 4. d5 Qb6 5. Qc1 f5 6. e3 Bg7 7. c3 d6 8. a4 O-O 9. Na3 e6 10.
Bc4 Qd8 11. Ne2 Na6 12. h4 Nc7 13. Nf4 e5 14. Nh5 Bh6 15. Qd1 Kh8 16. Nb5 b6 17.
Qf3 Ne8 18. Bb3 Nf6 19. Nxf6 Qxf6 20. Bc2 e4 21. Bxe4 Qe5 22. Bc2 f4 23. O-O a6 24.
Na3 fxe3 25. Nc4 exf2+ 26. Rxf2 Qe7 27. Nxb6 Ra7 28. Nxc8 Rxc8 29. Qf5 f6 30. Qxc8+ 1-0

[Event "*** Titled Tuesday Blitz"]
[Site "Chess.com"]
[Date "2020.05.26"]
[Round "1"]
[White "CzechmVIII"]
[Black "Keks2017"]
[Result "0-1"]
[WhiteElo "2172"]
[BlackElo "2532"]
[TimeControl "180+1"]
[EndTime "10:06:08 PDT"]
[Termination "Keks2017 won by resignation"]

1. e4 d6 2. d4 Nf6 3. Nc3 g6 4. f4 Bg7 5. Nf3 c5 6. dxc5 Qa5 7. Nd2 Qxc5 8. Nb3 Qc7 9. Be2 O-O 10. O-O a6 11. Bf3 Nc6 12. Be3 Rb8 13. Nd5 Nxd5 14. exd5 Na5 15. Nxa5 Qxa5 16. Bd4 Bd7 17. Bxg7 Kxg7 18.
Qd4+ Kg8 19. Rfe1 Rfe8 20. Kh1 Rbc8 21. c3 Qc5 22. Rad1 Qxd4 23. Rxd4 b5 24. Rde4 Kf8 25. g4 Rc4 26. g5 Bf5 27. Rxc4 bxc4 28. Be2 Rb8 29. Bxc4 Rxb2 30. Kg1 a5 31. Re2 Rb1+ 32. Kf2 f6 33. Bb3 fxg5 34. fxg5 Rh1 35. Kg2 Rc1 36. Kf2 Rxc3 37. Ba4 Rh3 38. Kg2 Rh5 39. Bc6 Rxg5+ 40. Kf2 Rg4 41. Rb2 Rb4 42. Rc2 0-1

[Event "*** Titled Tuesday Blitz"]
[Site "Chess.com"]
[Date "2020.05.26"]
[Round "1"]
[White "Maghalashvili"]
[Black "El_ultimo_Pablo"]
[Result "1-0"]
[WhiteElo "2802"]
[BlackElo "2404"]
[TimeControl "180+1"]
[EndTime "10:06:09 PDT"]
[Termination "Maghalashvili won by checkmate"]

1. Nf3 Nf6 2. g3 g6 3. Bg2 Bg7 4. O-O O-O 5. c4 d6 6. Nc3 e5 7. d4 Nc6 8. dxe5 dxe5 9. Bg5 Be6 10.
Nd5 Bxd5 11. Bxf6 Bxf6 12. cxd5 Nd4 13. Nd2 Bg7 14. Rc1 Rc8 15. e3 Nf5 16. Bh3 Ra8 17. Qc2 Ne7 18. Qxc7 Nxd5 19. Qxb7 Nxe3 20. fxe3 Qxd2 21.
Qe4 Qxb2 22. Rc2 Qb6 23. Rxf7 Rxf7 24. Qxa8+ Rf8 25. Qd5+ Kh8 26. Qb3 Qxb3 27. axb3 Bh6 28. Rc3 Rd8 29. Kf2 Rd2+ 30. Kf3 Rxh2 31. Be6 Kg7 32. Rc6 Rb2 33. Bc4 Bg5 34. Rc7+ Kf6 35. Rxh7 e4+ 36. Kxe4 Re2 37. Rf7# 1-0

[Event "*** Titled Tuesday Blitz"]
[Site "Chess.com"]
[Date "2020.05.26"]
[Round "1"]
[White "Luibov_AN"]
[Black "Sanyura"]
[Result "0-1"]
[WhiteElo "2037"]
[BlackElo "2483"]
[TimeControl "180+1"]
[EndTime "10:06:09 PDT"]
[Termination "Sanyura won by resignation"]

1. d4 Nf6 2. Nf3 g6 3. Bg5 Bg7 4. Nbd2 O-O 5. e4 d6 6. c3 c5 7. dxc5 dxc5 8. Qc2 Nc6 9. Bc4 a6 10. a4 Rb8 11. Bf4 Ra8 12. h3 Nh5 13. Be3 b6 14. O-O Bb7 15. Rad1 Qc7 16. Rfe1 Rad8 17. Nf1 Ne5 18.
Nxe5 Bxe5 19. g3 Rxd1 20. Rxd1 Rd8 21. f4 Bh8 22. Rxd8+ Qxd8 23. a5 b5 24. Ba2 c4 25.
Bb1 Nf6 26. Nd2 Qxa5 27. b3 cxb3 28. Nxb3 Qd8 29. Nc5 Bc8 30. e5 Nd5 31. Bf2 Bxh3 0-1

[Event "*** Titled Tuesday Blitz"]
[Site "Chess.com"]
[Date "2020.05.26"]
[Round "1"]
[White "kleopl"]
[Black "Jospem"]
[Result "0-1"]
[WhiteElo "2425"]
[BlackElo "2875"]
[TimeControl "180+1"]
[EndTime "10:06:10 PDT"]
[Termination "Jospem won by resignation"]

1. c4 c5 2. Nf3 Nc6 3. Nc3 Nf6 4. g3 g6 5. d4 Bg7 6. d5 Na5 7. e4 d6 8. h3 O-O 9. Qd3 a6 10. Bg2 b5 11. cxb5 axb5 12. Nxb5 Ba6 13. a4 c4 14. Qe3 Nb3 15. Ra3 Bxb5 16. axb5 Rxa3 17. bxa3 Qa5+ 18. Bd2 Nxd2 19. Nxd2 c3 20. Nb3 Qxb5 21. Nc1 Rc8 22. Bf1 Qb2 23. Bd3 Qxa3 24. O-O Nd7 25.
Ne2 Nc5 26. Bc2 Qb2 27. Rc1 Ra8 28. Kg2 Ra1 29. Rxa1 Qxa1 30. h4 Qb2 31. Bd3 c2 32. Bxc2 Qxc2 33. h5 Qxe4+ 34. Qxe4 Nxe4 35. hxg6 hxg6 36. Nf4 Nc3 37. Nh3 Nxd5 0-1

[Event "*** Titled Tuesday Blitz"]
[Site "Chess.com"]
[Date "2020.05.26"]
[Round "1"]
[White "ChristianAlm"]
[Black "Maybe00"]
[Result "0-1"]
[WhiteElo "2403"]
[BlackElo "2798"]
[TimeControl "180+1"]
[EndTime "10:06:10 PDT"]
[Termination "Maybe00 won on time"]

1. d4 d5 2. Nf3 Nf6 3. Bf4 c5 4.
e3 Nc6 5. Nc3 Bg4 6. Be2 e6 7. O-O Bxf3 8. Bxf3 cxd4 9. exd4 Bd6 10. Bg3 Bxg3 11. hxg3 O-O 12. Re1 Qb6 13. Ne2 Qxb2 14.
Rb1 Qxa2 15. Rxb7 Qa6 16. Rb3 Rfb8 17. Re3 Qb6 18. c3 a5 19. Nf4 a4 20. c4 Nxd4 21.
cxd5 Nxf3+ 22. Qxf3 exd5 23. Nxd5 Nxd5 24. Qxd5 Qd8 25.
Qa2 Qf8 26. Ra3 Rb4 27. Ra1 Qe8 28. Qc2 h6 29. Re3 Qc8 30. Qa2 Qc4 31. Qd2 Rb3 32. Re7 a3 33. Qd7 a2 34. Ree1 Rb2 35. Qe7 Qd4 0-1

[Event "*** Titled Tuesday Blitz"]
[Site "Chess.com"]
[Date "2020.05.26"]
[Round "1"]
[White "TranJMinh"]
[Black "Ceejay271"]
[Result "1-0"]
[WhiteElo "2784"]
[BlackElo "2400"]
[TimeControl "180+1"]
[EndTime "10:06:10 PDT"]
[Termination "TranJMinh won by resignation"]

1. d4 Nf6 2. c4 e6 3. Nc3 Bb4 4.
e3 O-O 5. Ne2 d5 6. a3 Be7 7.
Nf4 a5 8. Bd3 dxc4 9. Bxc4 c5 10.
O-O Nc6 11. d5 exd5 12. Ncxd5 Nxd5 13. Nxd5 Bd6 14. f4 a4 15. e4 Re8 16. e5 Bf8 17. Be3 Bf5 18. Qh5 Bg6 19. Qf3 Na5 20. Bb5 Nb3 21.
Rad1 Bc2 22. Nf6+ gxf6 23. Rxd8 Rexd8 24. exf6 Nd4 25. Bxd4 cxd4 26. Bd3 Bxd3 27. Qxd3 Rac8 28.
Rf3 Rc6 29. Rg3+ Kh8 30. Qf5 Rcd6 31. Qg5 1-0

[Event "*** Titled Tuesday Blitz"]
[Site "Chess.com"]
[Date "2020.05.26"]
[Round "1"]
[White "robertofabregas"]
[Black "Sadykov_Ramil"]
[Result "0-1"]
[WhiteElo "2103"]
[BlackElo "2502"]
[TimeControl "180+1"]
[EndTime "10:06:11 PDT"]
[Termination "Sadykov_Ramil won by resignation"]

1. c4 e6 2. Nf3 d5 3. d4 Nf6 4. g3 dxc4 5. Nc3 Nc6 6. Bg2 Rb8 7.
a4 a6 8. e3 b5 9. axb5 axb5 10. O-O Be7 11. Re1 O-O 12. Ng5 Nb4 13. Nge4 Nd3 14.
Rf1 Bb7 15. Ra7 Nxe4 16. Nxe4 Bd5 17. f3 Ra8 18. Rxa8 Bxa8 19. Nf2 Nxc1 20. Qxc1 c5 21.
Rd1 Qb6 22. Ng4 cxd4 23. Rxd4 Bd5 24. Qd1 Bc5 25. Rxd5 Bxe3+ 26. Kf1 exd5 27. Qxd5 Qd4 28. Qxd4 Bxd4 0-1

[Event "*** Titled Tuesday Blitz"]
[Site "Chess.com"]
[Date "2020.05.26"]
[Round "1"]
[White "WiktoriaPOL"]
[Black "Lagravesamuell"]
[Result "0-1"]
[WhiteElo "2002"]
[BlackElo "2475"]
[TimeControl "180+1"]
[EndTime "10:06:11 PDT"]
[Termination "Lagravesamuell won by resignation"]

1. c4 Nf6 2. Nc3 e5 3. Nf3 Nc6 4. e4 Bc5 5. Nxe5 Nxe5 6. d4 Bb4 7. dxe5 Nxe4 8. Qf3 Nxc3 9. bxc3 Be7 10. Qg3 g5 11.
Be2 h5 12. h4 g4 13. f3 d6 14. Bf4 Rg8 15. Rd1 Kf8 16. exd6 cxd6 17. c5 Rg6 18. cxd6 Bf6 19. Bd3 Bxc3+ 20. Kf2 Qb6+ 21. Be3 Bd4 22. Bxg6 Bxe3+ 23. Ke2 fxg6 24. d7 Bxd7 25. Rxd7 Re8 26. Kf1 Qb5+ 27. Ke1 Bf4+ 0-1